AoeStats
← Fede_II

Nomad

509704048Analyzed
2v2 RM · 4d ago on Sep 27, 2026· 38m 59s· 4 players
Game mode
Random Map
Map size
176×176
Population
200
Speed
Normal
Resources
Standard
Victory
Conquest
Starting age
Dark Age
Ending age
Imperial Age
RankedLock teamsTeams togetherTeam positionsShared explorationLock speedFull tech treeHidden civsTurbo modeCheats
Victory
Defeat
🇺🇸 Danes · United States
1069
+16
🇺🇸 Japanese · United States
1059
+16
🇨🇭 Wu · Switzerland
1073
-16
🇨🇭 Varangians · Switzerland
1070
-16
Selethen
5:57 Loom
15:57 Feudal Age
20:58 Castle Age
18:51 Fishing Lines
20:01 Arson
20:20 Scale Mail Armor
20:31 Forging
21:12 Fletching
27:50 Chain Mail Armor
28:11 Iron Casting
27:33 Bodkin Arrow
29:26 Double-Bit Axe
33:33 Pikeman
34:15 Squires
38:50 Imperial Age
37:13 Wheelbarrow
36:39 Stone Mining
36:40 Gold Mining
KING JAMES
5:02 Loom
15:54 Feudal Age
20:50 Castle Age
21:38 Fishing Lines
22:09 Fletching
22:20 Scale Mail Armor
22:31 Forging
Fede_II
4:41 Loom
15:07 Feudal Age
15:52 Double-Bit Axe
17:33 Town Watch
20:16 Castle Age
18:40 Gold Mining
19:23 Forging
19:19 Scale Barding Armor
21:34 Chain Barding Armor
23:24 Bloodlines
27:04 Fletching
masterofmayhem
12:18 Loom
14:49 Feudal Age
16:41 Double-Bit Axe
21:29 Castle Age
19:34 Scale Mail Armor
27:43 Fletching
29:24 Bodkin Arrow
29:49 Crossbowman
Connection lost

Rejoining the realm…

Still unreachable

The connection could not be restored.

Session expired

The server has moved on; the page needs a fresh start.